 Dungeon Crawl Stone Soup version 0.28.0-49-g6dfe1f597d (webtiles) character file.

Game seed: 16779153075502725685

2591 Cral the Thaumaturge (level 9, -8/45 HPs)
             Began as a Deep Elf Fire Elementalist on May 18, 2022.
             Was an Initiate of Sif Muna.
             Mangled by a vampire mosquito (12 damage)
             ... on level 6 of the Dungeon.
             The game lasted 00:12:25 (8246 turns).

Cral the Thaumaturge (Deep Elf Fire Elementalist)   Turns: 8246, Time: 00:12:26

Health: -8/45      AC:  3    Str:  5    XL:     9   Next: 33%
Magic:  24/25      EV: 12    Int: 25    God:    Sif Muna [......]
Gold:   360        SH:  5    Dex: 15    Spells: 14/28 levels left

rFire   + . .      SeeInvis .   n - staff of fire
rCold   . . .      Faith    .   (no shield)
rNeg    . . .      Spirit   .   a - +0 robe
rPois   .          Reflect  +   (no helmet)
rElec   .          Harm     .   (no cloak)
rCorr   .          Rampage  .   d - +0 pair of gloves
Will    .....                   (no boots)
Stlth   ++........              u - amulet of reflection
HPRegen 0.15/turn               r - ring of flight
MPRegen 0.19/turn               (no ring)

@: flying
A: no striking features
a: Renounce Religion


You were on level 6 of the Dungeon.
You worshipped Sif Muna.
Sif Muna was noncommittal.
You visited 2 branches of the dungeon, and saw 8 of its levels.

You collected 360 gold pieces.

Inventory:

Hand Weapons
 e - a +1 vorpal spear
Armour
 a - a +0 robe (worn)
 d - a +0 pair of gloves (worn)
Magical Staves
 n - a staff of fire (weapon)
Jewellery
 r - a ring of flight (left hand)
 s - an amulet of guardian spirit
 u - an amulet of reflection (around neck)
Scrolls
 f - a scroll of noise {unknown}
 g - 7 scrolls of identify {unknown}
 h - 2 scrolls of enchant weapon {unknown}
 i - 6 scrolls of immolation {unknown}
 k - 2 scrolls of magic mapping {unknown}
 m - a scroll of enchant armour {unknown}
 q - a scroll of vulnerability {unknown}
 t - a scroll of holy word {unknown}
 v - a scroll of teleportation {unknown}
Potions
 b - 2 potions of mutation {unknown}
 c - 6 potions of curing {unknown}
 j - 2 potions of lignification {unknown}
 l - a potion of might {unknown}
 o - a potion of heal wounds {unknown}
 p - a potion of flight {unknown}


   Skills:
 + Level 2.5 Dodging
 - Level 2.5 Stealth
 - Level 10.0 Spellcasting
 - Level 8.0 Conjurations
 + Level 8.9 Fire Magic


You had 14 spell levels left.
You knew the following spells:

 Your Spells              Type           Power      Damage    Failure   Level
a - Foxfire               Conj/Fire      100%       2x1d9     1%          1
b - Scorch                Fire           100%       2d10      1%          2
c - Conjure Flame         Conj/Fire      70%        6-21      1%          3
d - Flame Wave            Conj/Fire      70%        2d13      1%          4
e - Sticky Flame          Conj/Fire      70%        2d8       1%          4

Your spell library contained the following spells:

 Spells                   Type           Power      Damage    Failure   Level
 Static Discharge         Conj/Air       32%        N/A       1%          2
 Inner Flame              Hex/Fire       51%        N/A       2%          3
 Ensorcelled Hibernation  Hex/Ice        24%        N/A       8%          2
 Spider Form              Tmut/Pois      12%        N/A       14%         3
 Anguish                  Hex/Necr       6%         N/A       43%         4
 Dispel Undead            Necr           12%        3d9       43%         4


Dungeon Overview and Level Annotations

Branches:
Dungeon (7/15)             Temple (1/1) D:6

Altars:
Ashenzari
Cheibriados
Dithmenos
Elyvilon
Fedhas
Gozag
Hepliaklqana
Kikubaaqudgha
Makhleb
Nemelex Xobeh
Okawaru
Qazlal
Ru
Sif Muna
Trog
Uskayaw
Vehumet
Wu Jian
Xom
Yredelemnul
The Shining One

Annotations:
D:6 1 runed translucent door, kalagan's ghost, novice DjCj


Message History

Unknown command.
A two-headed ogre comes into view. It is wielding two +0 giant clubs.
A two-headed ogre is nearby!
A boulder beetle comes into view.
An ice beast comes into view.
The boulder beetle curls into a ball and begins rolling!
There is a stone staircase leading down here.
A vampire mosquito comes into view.
The boulder beetle hits you!
The boulder beetle stops rolling and uncurls.
The vampire mosquito buzzes angrily.
The boulder beetle leaps!
The ice beast hits you but does no damage.
The vampire mosquito barely misses you.
The boulder beetle leaps!
The vampire mosquito barely misses you.
The vampire mosquito bites you but does no damage.
The vampire mosquito barely misses you.
The vampire mosquito closely misses you.
There is a stone staircase leading up here.
The vampire mosquito bites you!
The vampire mosquito draws strength from your injuries!
The ice beast hits you. The ice beast freezes you!
* * * LOW HITPOINT WARNING * * *
The vampire mosquito closely misses you.
You fly upwards.
Level annotation: 1 runed translucent door, kalagan's ghost, novice DjCj
There is a stone staircase leading down here.
Okay, then.
The vampire mosquito closely misses you.
You block the vampire mosquito's attack.
The vampire mosquito bites you.
* * * LOW HITPOINT WARNING * * *
The vampire mosquito draws strength from your injuries!
The vampire mosquito closely misses you.
The vampire mosquito barely misses you. The vampire mosquito bites you.
* * * LOW HITPOINT WARNING * * *
The vampire mosquito draws strength from your injuries!
The vampire mosquito bites you!
You die...

#.............
#####.)...#### #.........#
######## #.......#.#
#...(..# #..†.[..#.#
#......# ##.....##.#
#......# #.......#..
#[.....###### #........##
#......y@...###.........)
#.....Y####..............
#......## #####......###.
##.......##### #.####.# #.
##.....##.....###.# #.# ##
##.................####.# #
#....................##.#
#..........>......##..#.#
#.................###.#.####


You could see a vampire mosquito and an ice beast.

Vanquished Creatures
  Pikel (D:6)
  A troll (D:6)
  Eustachio (D:6)
  Edmund (D:4)
  An ice beast (D:6)
  A necrophage (D:3)
  A sky beast (D:6)
  3 centaurs
  A phantom (D:5)
  A bullfrog (D:6)
  A kobold brigand (D:7)
  A scorpion (D:5)
  A water moccasin skeleton (D:5)
  A centaur zombie (D:6)
  5 orc priests
  2 hounds
  2 jellies
  A bullfrog skeleton (D:4)
  5 iguanas
  2 orc wizards (D:6)
  A hound skeleton (D:4)
  8 adders
  7 gnolls
  A howler monkey skeleton (D:5)
  A white imp (D:5)
  An ufetubus (D:6)
  An adder skeleton (D:4)
  3 worms
  4 dart slugs
  18 orcs
  10 ball pythons
  7 bats
  6 endoplasms
  3 giant cockroaches
  8 goblins
  4 hobgoblins
  16 jackals
  3 quokkas
  A frilled lizard (D:1)
  10 kobolds
  8 rats
154 creatures vanquished.

Vanquished Creatures (others)
  659 foxfires
659 creatures vanquished.

Grand Total: 813 creatures vanquished

Notes
Turn   | Place    | Note
-------+----------+-------------------------------------------
     0 | D:1      | Cral the Deep Elf Fire Elementalist began the quest for the
                  | Orb.
     0 | D:1      | Reached XP level 1. HP: 10/10 MP: 6/6
   149 | D:1      | Reached XP level 2. HP: 8/15 MP: 2/8
   903 | D:1      | Reached XP level 3. HP: 19/19 MP: 7/10
   906 | D:1      | Learned a level 2 spell: Scorch
   910 | D:1      | Learned a level 3 spell: Conjure Flame
  1549 | D:2      | Found an opulent altar of Gozag.
  1833 | D:2      | Reached skill level 4 in Spellcasting
  1862 | D:2      | Reached XP level 4. HP: 24/24 MP: 4/12
  3102 | D:3      | Reached XP level 5. HP: 28/28 MP: 9/14
  3271 | D:3      | Reached skill level 5 in Spellcasting
  3402 | D:3      | Noticed a necrophage
  3411 | D:3      | Killed a necrophage
  3412 | D:3      | Reached skill level 5 in Fire Magic
  3412 | D:3      | Reached XP level 6. HP: 27/32 MP: 6/16
  3645 | D:3      | Learned a level 4 spell: Flame Wave
  4027 | D:3      | Reached skill level 6 in Spellcasting
  4397 | D:4      | Learned a level 4 spell: Sticky Flame
  4426 | D:4      | Reached XP level 7. HP: 15/36 MP: 4/18
  4824 | D:4      | Noticed Edmund
  4835 | D:4      | Killed Edmund
  4836 | D:4      | Reached skill level 5 in Conjurations
  4987 | D:4      | Found a stormy altar of Qazlal.
  5476 | D:5      | Entered Level 5 of the Dungeon
  5506 | D:5      | Reached skill level 7 in Spellcasting
  6084 | D:5      | Reached XP level 8. HP: 32/41 MP: 12/21
  6219 | D:5      | Found a shadowy altar of Dithmenos.
  6584 | D:6      | Reached skill level 8 in Spellcasting
  7039 | D:6      | Noticed Pikel
  7060 | D:6      | Killed Pikel
  7061 | D:6      | Reached skill level 9 in Spellcasting
  7351 | D:6      | Reached XP level 9. HP: 32/45 MP: 13/24
  7474 | D:6      | Found a staircase to the Ecumenical Temple.
  7497 | Temple   | Entered the Ecumenical Temple
  7503 | Temple   | Became a worshipper of Sif Muna the Loreminder
  7515 | D:6      | Found a runed translucent door.
  7515 | D:6      | Noticed kalagan's ghost (novice DjCj)
  7560 | D:6      | Noticed a troll
  7561 | D:6      | Noticed Eustachio
  7723 | D:6      | Killed a troll
  7798 | D:6      | Killed Eustachio
  8169 | D:7      | Reached skill level 10 in Spellcasting
  8192 | D:7      | Noticed a two-headed ogre
  8228 | D:7      | Noticed a boulder beetle
  8246 | D:6      | Mangled by a vampire mosquito

Illustrated notes

Levels and vault maps discovered:
D:1:      lemuel_arrival_hallway, layout_basic
D:2:      layout_loops_ring, basic_altar
D:3:      layout_rooms
D:4:      layout_rooms, mainiacjoe_overflow_catwalk, minivault_25,
          minmay_box_of_dots, uniq_edmund
D:5:      layout_cave_pools, lemuel_crystal_altar, chequers_mini_garden,
          chequers_garden
D:6:      layout_rooms, minmay_temple_entry_stoned_glass,
          hellmonk_ghost_happy_afterlife, uniq_pikel, uniq_eustachio
D:7:      minmay_the_grid_square_5x5_3x3 [minmay_the_grid_square_5x5_v,
          minmay_the_grid_square_5x5_inner_v,
          minmay_the_grid_square_5x5_gyroscope,
          minmay_the_grid_square_5x5_tetrominoes,
          minmay_the_grid_square_5x5_megaprize_open,
          minmay_the_grid_square_5x5_three,
          minmay_the_grid_square_5x5_fancy_junction,
          minmay_the_grid_square_5x5_hourglass,
          minmay_the_grid_square_5x5_almost_minimal], layout_rooms,
          mainiacjoe_overflow_paths, serial_shops, nicolae_shop_waterfront
Temple:   nicolae_temple_no_exploring_needed

Skill      XL: |  1  2  3  4  5  6  7  8  9 |
---------------+----------------------------+-----
Conjurations   | 2 3 4 5 7 8 |  8.0
Spellcasting   | 4 5 6 7 9 10 | 10.0
Fire Magic     | 4 5 6 8 |  8.9
Dodging        | |  2.5
Stealth        | |  2.5

Action                   |  1- 3 |  4- 6 |  7- 9 || total
-------------------------+-------+-------+-------++-------
Melee: Spear             |     9 |     4 |       ||    13
       Staff             |       |       |     1 ||     1
 Cast: Foxfire           |   116 |   175 |   117 ||   408
       Scorch            |       |     5 |    35 ||    40
       Conjure Flame     |       |       |     1 ||     1
       Sticky Flame      |       |       |     2 ||     2
       Flame Wave        |       |       |     2 ||     2
Armor: Robe              |     7 |     7 |     6 ||    20
Dodge: Dodged            |    19 |    32 |    33 ||    84
Block: Other             |       |       |     3 ||     3
